 Dungeon Crawl Stone Soup version 0.27.0-1-g7a089689b8 (webtiles) character file.

Game seed: 8823426311535387927

6661 H0rd4k the Summoner (level 11, -5/68 HPs)
             Began as a Barachi Summoner on Aug 5, 2021.
             Was an Elder of Qazlal.
             Slain by an ice devil (25 damage)
             ... in a Gauntlet.
             The game lasted 00:58:32 (18138 turns).

H0rd4k the Summoner (Barachi Summoner)             Turns: 18138, Time: 00:58:33

Health: -5/68      AC: 11    Str:  9    XL:     11   Next: 3%
Magic:  12/25      EV: 13    Int: 19    God:    Qazlal [****..]
Gold:   557        SH:  5    Dex: 13    Spells: 7/31 levels left

rFire    + . .     SeeInvis .   B - staff of conjuration
rCold    x . .     Faith    +   (no shield)
rNeg     . . .     Spirit   .   r - +1 robe {Will+}
rPois    .         Reflect  .   (helmet restricted)
rElec    .         Harm     .   K - +1 cloak {rCorr}
rCorr    +         Rampage  .   J - +1 pair of gloves
Will     +....     NoTele   +   (no boots)
Stlth    +.........             i - amulet of faith
HPRegen  1.21/turn              x - ring of fire
MPRegen  0.19/turn              F - +4 ring of protection

@: repel missiles, slow
A: amphibious, slowness 1, strong legs 1, +LOS, antennae 1, talons 1,
regeneration 1
a: Hop, Renounce Religion, Upheaval, Elemental Force


You were in a Gauntlet.
You worshipped Qazlal.
Qazlal was greatly pleased with you.
You visited 2 branches of the dungeon, and saw 13 of its levels.
You also visited: Ossuary and Gauntlet.

You collected 841 gold pieces.
You spent 284 gold pieces at shops.

Inventory:

Missiles
 b - 65 poisoned darts
 z - a throwing net
Armour
 r - a +1 robe of willpower (worn)
 J - a +1 pair of gloves (worn)
 K - a +1 cloak of preservation (worn)
Magical Staves
 B - a staff of conjuration (weapon)
Jewellery
 i - an amulet of faith (around neck)
 x - a ring of fire (left hand)
 A - a ring of protection from cold
 E - a ring of poison resistance
 F - a +4 ring of protection (right hand)
 H - an amulet of magic regeneration
Wands
 v - a wand of iceblast (26)
 y - a wand of flame (30)
 D - a wand of charming (10)
 I - a wand of acid (12)
Scrolls
 c - 3 scrolls of enchant weapon
 f - 3 scrolls of teleportation
 h - a scroll of amnesia {unknown}
 k - a scroll of magic mapping
 n - 2 scrolls of blinking
 p - 2 scrolls of enchant armour
 u - a scroll of fog {unknown}
 w - 2 scrolls of fear
Potions
 a - a potion of brilliance {unknown}
 d - a potion of experience {unknown}
 e - 5 potions of lignification
 l - a potion of ambrosia
 m - 2 potions of flight
 o - 2 potions of cancellation
 t - 3 potions of might
 G - 2 potions of curing


   Skills:
 + Level 3.5 Dodging
 - Level 1.7 Stealth
 - Level 0.1 Shields
 + Level 10.9 Spellcasting
 + Level 13.7 Summonings
 * Level 2.3 Ice Magic
 + Level 4.1 Air Magic


You had 7 spell levels left.
You knew the following spells:

 Your Spells              Type           Power      Damage    Failure   Level
a - Summon Small Mammal   Summ           100%       N/A       1%          1
b - Call Canine Familiar  Summ           58%        N/A       1%          3
c - Summon Lightning Spi  Summ/Air       44%        N/A       1%          4
d - Ensorcelled Hibernat  Hex/Ice        28%        N/A       6%          2
e - Shadow Creatures      Summ           N/A        N/A       3%          6
f - Ozocubu's Armour      Ice            19%        N/A       8%          3
g - Freezing Cloud        Conj/Ice/Air   13%        6-21      61%         5

Your spell library contained the following spells:

 Spells                   Type           Power      Damage    Failure   Level
 Call Imp                 Summ           58%        N/A       1%          2
 Summon Guardian Golem    Hex/Summ       36%        N/A       1%          3
 Poisonous Vapours        Pois/Air       36%        N/A       4%          2
 Sting                    Tmut/Pois      40%        1d5       7%          1
 Summon Mana Viper        Hex/Summ       36%        N/A       11%         5
 Mephitic Cloud           Conj/Pois/Air  23%        N/A       12%         3
 Conjure Flame            Conj/Fire      23%        6-21      21%         3
 Ignite Poison            Fire/Tmut/Pois 15%        N/A       21%         3
 Spider Form              Tmut/Pois      5%         N/A       21%         3
 Summon Hydra             Summ           29%        N/A       21%         7
 Cause Fear               Hex            5%         N/A       56%         4
 Olgreb's Toxic Radiance  Pois           10%        N/A       56%         4
 Sticky Flame             Conj/Fire      23%        2d4       56%         4
 Metabolic Englaciation   Hex/Ice        7%         N/A       75%         5
 Bolt of Magma            Conj/Fire/Erth 11%        4d7       88%         5
 Simulacrum               Ice/Necr       7%         N/A       100%        6
 Dragon Form              Tmut           5%         N/A       100%        7
 Borgnjor's Revivificati  Necr           5%         N/A       100%        8
 Necromutation            Tmut/Necr      5%         N/A       100%        8
 Death's Door             Necr           5%         N/A       100%        9
 Dragon's Call            Summ           29%        N/A       100%        9


Dungeon Overview and Level Annotations

Branches:
Dungeon (12/15)            Temple (0/1) D:7            Lair (1/6) D:11
    Orc (0/2) D:11        Ossuary (visited)         Gauntlet (1/1)

Altars:
Ashenzari
Dithmenos
Nemelex Xobeh
Qazlal
Zin

Shops:
D:3 [   D:5 *   D:9 ?

Annotations:
D:6 exclusion: downstairs
D:9 exclusion: downstairs
D:11 exclusion: upstairs Gauntlet 5 transporters


Innate Abilities, Weirdness & Mutations

You are amphibious.
You cover ground slowly.
You can hop short distances.
You have an extended range of vision and can be seen from far away.
You have a pair of small antennae on your head.
You have sharp toenails.
Your natural rate of healing is unusually fast.


Message History

Your warg's corpse disappears in a puff of smoke!
You start resting.
You are ready to hop once more.
You start resting.
The white imp shouts!
The white imp grins evilly.
HP restored.
The white imp summons a swarm of flies.
There is a transporter here.
You enter the transporter and appear at another place.
Casting: Call Canine Familiar (safe; 1% risk of failure)
Confirm with . or Enter, or press ? or * to list all spells.
An electric hum fills the air.
Unknown command.
Casting: Summon Lightning Spire (dangerous; 1% risk of failure)
Confirm with . or Enter, or press ? or * to list all spells.
Wisps of shadow whirl around you...
You hear a shout!
Unknown command.
Casting: Shadow Creatures (dangerous; 3% risk of failure)
Confirm with . or Enter, or press ? or * to list all spells.
The ice devil hits you. The ice devil freezes you!!
You feel a terrible chill! The white imp gestures at you.
The puff of frost hits you!
You feel a terrible chill!
Your white imp gestures at the white imp.
The puff of frost hits the white imp.
The white imp resists.
What are your orders? t - Croak!
Orders for allies: a - Attack new target. r - Retreat! s - Stop attacking. g - Guard the area. f - Follow me.
Anything else - Cancel.
Guard this area!
Your wolf misses the ice devil.
The white imp is engulfed in blazing flames.
You kill the white imp!
Qazlal accepts your kill. The ice devil hits you!
* * * LOW HITPOINT WARNING * * *
The ice devil freezes you!!
You feel a terrible chill!
You die...

.......................≈∩≈.......
.................................
#########...###########...#######
^?.©[...#.8.#....©.!..#...#:.#[©z
#x#.#^#.#...#...#.#...#...#...#z.
^#x#^#..#####....#....#...#.z.#..
#.#.#.#x#...#.#..#..#.#...#....#.
.#.©.#.x#©.©#.#######.#...#...###
#.#.#.#x#...#.#4@#..#.#...#.##.#©
.#.#.#.X#####.☼5h#....#...##z...#
#^#.#.#.#...#.85###...#...#zzz..#
........#.8.#.........#...#zzzz..
#########...###########...#######
.#.©.#....≈.............≈.§..#.©.
.#...#...≈8≈......[....≈8≈§..#...
.#.©.#....§.............≈.§..#.©.
#########...###########...#######


You could see an ice devil (ally target), a white imp, a friendly wolf
(summoned), a friendly lightning spire (summoned) and a friendly white imp
(summoned).

Vanquished Creatures
  A boulder beetle (D:10)
  A nameless horror (D:10)
  Edmund (D:6)
  2 gnolls (D:3)
  A white imp (Gauntlet)
6 creatures vanquished.

Vanquished Creatures (collateral kills)
  A fire crab (Gauntlet)
  Pikel (D:6)
  An orb spider (shapeshifter) (D:10)
  Joseph (D:7)
  Maggie (D:9)
  A cane toad (Lair:1)
  A kobold demonologist (D:10)
  An ice devil (Gauntlet)
  Grinder (D:4)
  Prince Ribbit (D:8)
  A meliai zombie (D:10)
  A wyvern (D:8)
  Sigmund (D:5)
  A shadow (D:11)
  5 yaks
  2 wraiths
  A steam dragon (D:6)
  2 fire bats (Gauntlet)
  3 wargs (D:11)
  Duvessa (D:5)
  An ice beast (D:7)
  7 orc warriors
  A black bear (D:4)
  7 ogres
  A necrophage (D:7)
  4 centaurs
  2 lemures (D:6)
  A phantom (D:7)
  6 kobold brigands
  3 bullfrogs
  5 scorpions
  A wyvern zombie (D:7)
  Blork the orc (D:6)
  2 gnoll sergeants
  Dowan (D:5)
  9 killer bees
  4 howler monkeys
  5 electric eels (D:11)
  6 centaur zombies
  5 gnoll shamans
  6 orc priests
  2 bullfrog skeletons
  6 hounds
  Jessica (D:2)
  Ijyb (D:4)
  An iguana (D:4)
  5 orc wizards
  A scorpion zombie (D:5)
  3 killer bee zombies
  8 mummies (Ossuary)
  Robin (D:4)
  4 adders
  38 gnolls
  A howler monkey skeleton (D:5)
  3 shadow imps
  3 white imps (Gauntlet)
  An ufetubus (D:5)
  2 adder skeletons (D:4)
  2 worms
  51 orcs
  An endoplasm (D:1)
  A giant cockroach (D:3)
  2 gnoll zombies (Ossuary)
  16 goblins
  7 hobgoblins
  14 jackals (D:3)
  6 ball pythons
  2 bats
  9 frilled lizards
  13 kobolds
  A kobold zombie (Ossuary)
  5 orc zombies (Ossuary)
  7 rats
324 creatures vanquished.

Vanquished Creatures (others)
  4 fungi
  21 plants
  16 withered plants (Gauntlet)
41 creatures vanquished.

Grand Total: 371 creatures vanquished

Notes
Turn   | Place    | Note
-------+----------+-------------------------------------------
     0 | D:1      | H0rd4k the Barachi Summoner began the quest for the Orb.
     0 | D:1      | Reached XP level 1. HP: 13/13 MP: 3/3
   267 | D:1      | Reached skill level 5 in Summonings
   575 | D:1      | Reached XP level 2. HP: 19/19 MP: 0/5
  1045 | D:2      | Found a faded altar of an unknown god.
  1094 | D:2      | Noticed Jessica
  1105 | D:2      | Killed Jessica
  1106 | D:2      | Reached XP level 3. HP: 24/24 MP: 0/7
  1115 | D:2      | Learned a level 3 spell: Call Canine Familiar
  2856 | D:3      | Reached XP level 4. HP: 22/30 MP: 5/9
  2883 | D:3      | Found a shadowy altar of Dithmenos.
  3262 | D:3      | Reached skill level 6 in Summonings
  3513 | D:3      | Reached XP level 5. HP: 28/35 MP: 1/10
  4156 | D:3      | Found Cyusautini's Antique Armour Emporium.
  4574 | D:3      | Noticed a kobold brigand
  4594 | D:3      | Gained mutation: Your natural rate of healing is unusually
                  | fast. [potion of mutation]
  4594 | D:3      | Gained mutation: You have a pair of small antennae on your
                  | head. [potion of mutation]
  4594 | D:3      | Gained mutation: You have sharp toenails. [potion of
                  | mutation]
  4601 | D:3      | Killed a kobold brigand
  4933 | D:3      | Reached XP level 6. HP: 41/41 MP: 6/12
  4938 | D:3      | Learned a level 4 spell: Summon Lightning Spire
  5338 | D:3      | Reached skill level 1 in Air Magic
  5706 | D:4      | Noticed a black bear
  5715 | D:4      | Killed a black bear
  5716 | D:4      | Reached skill level 7 in Summonings
  5757 | D:4      | Found a sand-covered staircase.
  5762 | Ossuary  | Entered an ossuary
  6377 | D:4      | Noticed Robin
  6387 | D:4      | Noticed Grinder
  6408 | D:4      | Killed Robin
  6531 | D:4      | Reached skill level 5 in Spellcasting
  6542 | D:4      | Killed Grinder
  6543 | D:4      | Reached XP level 7. HP: 34/46 MP: 8/14
  6694 | D:4      | Noticed Ijyb
  6719 | D:4      | Killed Ijyb
  7070 | D:5      | Entered Level 5 of the Dungeon
  7278 | D:5      | Reached skill level 8 in Summonings
  7435 | D:5      | Found a stormy altar of Qazlal.
  7458 | D:5      | Became a worshipper of Qazlal Stormbringer
  7524 | D:5      | Found a sparkling altar of Nemelex Xobeh.
  7525 | D:5      | Noticed Duvessa
  7542 | D:5      | Killed Duvessa
  7545 | D:5      | Noticed Dowan
  7559 | D:5      | Killed Dowan
  7720 | D:5      | Noticed Sigmund
  7964 | D:5      | Killed Sigmund
  8118 | D:5      | Found Emeky's General Store.
  8223 | D:6      | Noticed a steam dragon
  8230 | D:6      | Killed a steam dragon
  8231 | D:6      | Reached XP level 8. HP: 52/52 MP: 9/17
  8449 | D:6      | Reached skill level 9 in Summonings
  8567 | D:6      | Found a glowing silver altar of Zin.
  8570 | D:6      | Found a broken altar of Ashenzari.
  8654 | D:6      | Reached * piety under Qazlal
  9074 | D:6      | Noticed Edmund
  9105 | D:6      | Killed Edmund
  9331 | D:6      | Noticed Blork the orc
  9331 | D:6      | Noticed Pikel
  9353 | D:6      | Killed Pikel
  9354 | D:6      | Reached skill level 10 in Summonings
  9361 | D:6      | Killed Blork the orc
  9779 | D:7      | Noticed Joseph
  9834 | D:7      | Reached XP level 9. HP: 57/57 MP: 10/20
 10451 | D:7      | Found a staircase to the Ecumenical Temple.
 10807 | D:8      | Noticed Prince Ribbit
 10822 | D:8      | Killed Prince Ribbit
 10880 | D:8      | Reached ** piety under Qazlal
 11105 | D:8      | Reached skill level 11 in Summonings
 11887 | D:9      | Found Waptish's Magic Scroll Shoppe.
 11890 | D:9      | Bought a scroll of blinking for 82 gold pieces
 11895 | D:9      | Got the Incunabulum of Creative Ice
 11906 | D:9      | Learned a level 2 spell: Ensorcelled Hibernation
 11925 | D:9      | Noticed Maggie
 11939 | D:9      | Killed Maggie
 11952 | D:9      | Learned a level 6 spell: Shadow Creatures
 12842 | D:10     | Entered Level 10 of the Dungeon
 12858 | D:10     | Noticed a kobold demonologist
 12872 | D:10     | Killed a kobold demonologist
 13075 | D:10     | Noticed an eight-headed hydra
 13385 | D:11     | Reached XP level 10. HP: 63/63 MP: 6/23
 13388 | D:11     | Reached skill level 12 in Summonings
 13487 | D:11     | Found a staircase to the Lair.
 13596 | D:11     | Found a staircase to the Orcish Mines.
 14038 | D:11     | Identified the +4 ring mail of Resilience {rPois}
 14368 | D:11     | Reached *** piety under Qazlal
 14840 | D:10     | Noticed an orb spider
 14850 | D:10     | Killed an orb spider
 14942 | D:10     | Noticed a nameless horror
 14964 | D:10     | Reached skill level 10 in Spellcasting
 14970 | D:10     | Killed a nameless horror
 15226 | D:10     | Noticed a boulder beetle
 15264 | D:10     | Killed a boulder beetle
 15474 | D:9      | Reached skill level 13 in Summonings
 16720 | D:7      | Learned a level 3 spell: Ozocubu's Armour
 16726 | D:7      | Learned a level 5 spell: Freezing Cloud
 16907 | D:7      | Killed Joseph
 17161 | D:3      | Bought an embroidered cloak for 202 gold pieces
 17410 | Lair:1   | Entered Level 1 of the Lair of Beasts
 17422 | Lair:1   | Noticed a cane toad
 17427 | Lair:1   | Reached **** piety under Qazlal
 17435 | Lair:1   | Killed a cane toad
 17436 | Lair:1   | Reached skill level 1 in Ice Magic
 17587 | Lair:1   | Found a gate leading to a gauntlet.
 17597 | Gauntlet | Entered a Gauntlet
 17597 | Gauntlet | Found a transporter.
 17597 | Gauntlet | Found a transporter.
 17597 | Gauntlet | Noticed a reaper
 17599 | Gauntlet | Found a transporter.
 17599 | Gauntlet | Found a transporter.
 17601 | Gauntlet | Found a transporter.
 17611 | Gauntlet | Found a transporter.
 17614 | Gauntlet | Found a transporter.
 17624 | Gauntlet | Found a transporter.
 17632 | Gauntlet | Found a transporter.
 17649 | Gauntlet | Found a transporter.
 17657 | Gauntlet | Found a transporter.
 17662 | Gauntlet | Noticed a fire crab
 17674 | Gauntlet | Found a transporter.
 17972 | Gauntlet | Killed a fire crab
 17973 | Gauntlet | Reached XP level 11. HP: 32/68 MP: 7/25
 18138 | Gauntlet | Slain by an ice devil

Illustrated notes

Levels and vault maps discovered:
D:1:      psy_arrival_radial02, layout_basic, minmay_statues_item
D:2:      layout_basic, hellmonk_ecumenical_altar_inner_sanctum,
          minmay_lizard_king, uniq_jessica
D:3:      lemuel_castle_with_subvaults [lemuel_castle_interior_carwin_1],
          layout_loops_ring, mainiacjoe_overflow_brackets, serial_shops,
          nicolae_shop_behind_doors
D:4:      layout_basic, enter_ossuary_2, chequers_mini_garden, uniq_robin,
          uniq_ijyb, uniq_grinder
D:5:      layout_cave_pools, mainiacjoe_overflow_chevrons,
          nicolae_qazlal_general_emergency, serial_shops, kennysheep_little_box,
          uniq_duvessa, uniq_sigmund
D:6:      layout_loops_corners, nicolae_overflow_hidden_temple,
          uniq_blork_the_orc, uniq_edmund, uniq_pikel
D:7:      kennysheep_seaside_town, layout_basic, lemuel_temple_firewalk_b,
          serial_rivers, chequers_serial_rivers_micro_e,
          chequers_serial_rivers_room_a, chequers_serial_rivers_micro_c,
          chequers_serial_rivers_large_a, chequers_serial_rivers_micro_d,
          uniq_joseph
D:8:      layout_basic, grunt_decor_resistance, lightli_orcish_oven,
          uniq_prince_ribbit1
D:9:      layout_roguey, serial_shops, nicolae_stop_n_shop_1,
          kennysheep_small_circle, uniq_maggie
D:10:     layout_roguey, gammafunk_temple_overflow_claw, minmay_hedge_maze,
          grunt_decor_mini_mirrors, kennysheep_big_empty_room, minivault_7
D:11:     layout_basic, erik_lair_orcish_takeover, orc_0_dummy
D:12:     layout_cave_pods, uniq_sonja
Lair:1:   layout_gridlike, gauntlet_entry_generic, lemuel_centaur_altar,
          uniq_gastronok, uniq_grum, uniq_erica
Gauntlet: gammafunk_gauntlet_shortcut [gammafunk_gauntlet_arena_hedges,
          nicolae_gauntlet_swirl, nicolae_gauntlet_arena_quarters,
          gammafunk_gauntlet_arena_teeth, gammafunk_gauntlet_arena_grid,
          nicolae_gauntlet_arena_t_cross,
          nicolae_gauntlet_exit_dead_adventurers]

Skill      XL: |  1  2  3  4  5  6  7  8  9 10 |
---------------+-------------------------------+-----
Summonings     | 5 6 7 8 10 11 13 | 13.7
Spellcasting   | 3 4 5 6 7 9 10 | 10.9
Air Magic      | 1 2 3 4 |  4.1
Dodging        | 3 |  3.5
Ice Magic      | 2 |  2.3
Stealth        | |  1.7
Shields        | |  0.1

Action                   |  1- 3 |  4- 6 |  7- 9 | 10-12 || total
-------------------------+-------+-------+-------+-------++-------
Melee: Unarmed           |    18 |    10 |     2 |       ||    30
       Kick              |       |     1 |     2 |     3 ||     6
       Staff             |       |       |       |     5 ||     5
 Cast: Summon Small Mamm |   124 |   145 |    78 |     3 ||   350
       Call Canine Famil |     2 |    48 |    57 |    32 ||   139
       Summon Lightning  |       |       |    57 |    35 ||    92
       Shadow Creatures  |       |       |     5 |    37 ||    42
       Ensorcelled Hiber |       |       |       |     1 ||     1
 Abil: Hop               |       |     2 |    12 |     9 ||    23
Evoke: Wand              |       |       |       |     1 ||     1
  Use: Potion            |       |     3 |     3 |     1 ||     7
       Scroll            |       |     3 |     4 |     8 ||    15
 Stab: Distracted        |       |     1 |       |       ||     1
Armor: Robe              |    18 |    15 |    29 |    35 ||    97
Dodge: Dodged            |    54 |    89 |    90 |    63 ||   296
       Repelled          |       |       |       |     1 ||     1
Block: Other             |       |       |    10 |    16 ||    26
